 Dungeon Crawl Stone Soup version 0.21.1-1-g345015f (webtiles) character file.

29 letownia3 the Magician (level 3, 1/24 HPs)
             Began as a Demonspawn Wizard on Feb 5, 2018.
             Quit the game on level 3 of the Dungeon.
             The game lasted 00:02:02 (1037 turns).

letownia3 the Magician (Demonspawn Wizard)          Turns: 1037, Time: 00:02:03

Health: 1/24       AC:  3    Str:  6 (8)  XL:     3   Next: 1%
Magic:  1/7        EV: 12    Int: 17 (19) God:
Gold:   34         SH:  0    Dex: 10 (11) Spells: 7/8 levels left

rFire    . . .     SeeInvis .   h - +0 dagger
rCold    . . .     Gourm    .   (no shield)
rNeg     . . .     Faith    .   a - +0 robe
rPois    .         Spirit   .   b - +0 hat
rElec    .         Reflect  .   (no cloak)
rCorr    .         Harm     .   (no gloves)
MR       .....                  k - +0 pair of boots
Stlth    +.........             (no amulet)
HPRegen  0.08/turn              f - ring of loudness (curse)
MPRegen  0.10/turn              (no ring)

@: no status effects
A: hooves 1, sturdy frame 1
a: no special abilities


You were on level 3 of the Dungeon.
You were not hungry.

You visited 1 branch of the dungeon, and saw 4 of its levels.

You collected 34 gold pieces.

Inventory:

Hand Weapons
 h - a +0 dagger (weapon)
Armour
 a - a +0 robe (worn)
 b - a +0 hat (worn)
 k - a +0 pair of boots (worn)
Jewellery
 f - a cursed ring of loudness (left hand)
Wands
 i - a wand of enslavement (13)
Scrolls
 g - a scroll of identify {unknown}
 j - a scroll of remove curse {unknown}
Potions
 e - a potion of flight
 m - a potion of degeneration
Books
 c - a book of Minor Magic

   Spells                             Type                      Level
   a - Magic Dart                     Conjuration                  1
   b - Blink                          Translocation                2
   c - Call Imp                       Summoning                    2
   d - Slow                           Hexes                        2
   e - Conjure Flame                  Conjuration/Fire             3
   f - Mephitic Cloud                 Conjuration/Poison/Air       3
Comestibles
 d - 2 rations


   Skills:
 - Level 1.7 Dodging
 - Level 1.7 Stealth
 - Level 3.0 Spellcasting
 + Level 3.0 Conjurations
   Level 1.0 Summonings
   Level 0.8 Translocations


You had 7 spell levels left.
You knew the following spells:

 Your Spells              Type           Power        Failure   Level  Hunger
a - Magic Dart            Conj           ##..         4%          1    None


Dungeon Overview and Level Annotations

Branches:
Dungeon (4/15)
 Temple: D:4-7

Altars:
Cheibriados
Fedhas
Kikubaaqudgha

Annotations:
D:3 letownia3's ghost, weakling DsWz


Innate Abilities, Weirdness & Mutations

You have large cloven feet.
Your movements are slightly less encumbered by armour. (ER -2)


Message History

Press: ? - help, Shift-Dir - straight line, f/p - giant cockroach
Aim: a giant cockroach (heavily wounded, clinging)
The magic dart hits the giant cockroach.
The giant cockroach is severely wounded.
The giant cockroach bites you.
* * * LOW HITPOINT WARNING * * *
Casting: Magic Dart
Confirm with . or Enter, or press ? or * to list all spells.
Aiming: Magic Dart
Press: ? - help, Shift-Dir - straight line, f/p - giant cockroach
Aim: a giant cockroach (severely wounded, clinging)
The magic dart hits the giant cockroach.
You kill the giant cockroach!
You have reached level 3!
Your experience leads to an increase in your attributes!
Your base attributes are Str 7, Int 19, Dex 11.
Increase (S)trength, (I)ntelligence, or (D)exterity?
You feel stronger.
Your demonic ancestry asserts itself...
Your feet thicken and deform.
Are you sure you want to abandon this character and quit the game? (Confirm with "yes".)

.+.....
#.###....###.#..##
##....#
._###........#..##
#.....#
.###...#.........
#.....#
#...####.#..##
#.....#
..###+###...####.#..#
#.....#
........†...........#
#.###.#
.###...##..####.#.##
......###
#.###........# ....
#.#.....#
#....@.####..# .. .
#.#.....# ##......#
...# #.#.....#
#......# ..#
#.#.....# #......#
... ..#.....#
#......# ###.....#
#....... ..<##.###
#......## #####.#
#......# #.#


There were no monsters in sight!

Vanquished Creatures
  An adder (D:3)
  An ooze (D:2)
  A leopard gecko (D:3)
  A giant cockroach (D:3)
  A goblin (D:3)
  2 hobgoblins (D:1)
  2 jackals
  A kobold (D:3)
  A bat (D:1)
  2 frilled lizards
  2 rats (D:1)
15 creatures vanquished.

Notes
Turn   | Place    | Note
-------+----------+-------------------------------------------
     0 | D:1      | letownia3 the Demonspawn Wizard began the quest for the Orb.
     0 | D:1      | Reached XP level 1. HP: 13/13 MP: 4/4
   332 | D:2      | Gained mutation: Your movements are slightly less encumbered by armour. (ER -2) [demonic ancestry]
   332 | D:2      | Reached XP level 2. HP: 4/19 MP: 0/6
   671 | D:3      | Found an ancient bone altar of Kikubaaqudgha.
   910 | D:3      | Noticed letownia3's ghost (weakling DsWz)
  1003 | D:3      | Found a blossoming altar of Fedhas.
  1026 | D:3      | Found a snail-covered altar of Cheibriados.
  1034 | D:3      | Gained mutation: You have large cloven feet. [demonic ancestry]
  1034 | D:3      | Reached XP level 3. HP: 1/24 MP: 1/7
  1037 | D:3      | Quit the game

Skill      XL: |  1  2 |
---------------+-------+-----
Conjurations   | 2 3 |  3.0
Dodging        | |  1.7
Stealth        | |  1.7
Spellcasting   | |  3.0
Summonings     | |  1.0
Translocations | |  0.8

Action                   || total
-------------------------++-------
Melee: Unarmed           ||    10
 Cast: Magic Dart        ||    47
Evoke: Wand              ||     2
  Use: Potion            ||     3
Armor: Robe              ||    10
Dodge: Dodged            ||    28
